 Dungeon Crawl Stone Soup version 0.23.2-1-ga50397a (webtiles) character file.

Game seed: 12865888940818053750

241 eccles the Digger (level 6, -4/35 HPs)
             Began as a Gargoyle Earth Elementalist on May 22, 2019.
             Slain by an orc warrior
             ... wielding a +0 halberd
              (6 damage)
             ... on level 4 of the Dungeon.
             The game lasted 00:16:15 (3078 turns).

eccles the Digger (Gargoyle Earth Elementalist)     Turns: 3078, Time: 00:16:16

Health: -4/35      AC:  9    Str: 11    XL:     6   Next: 8%
Magic:  5/10       EV: 11    Int: 18    God:
Gold:   172        SH:  0    Dex: 10    Spells: 2/10 levels left

rFire    . . .     SeeInvis .   n - +0 dagger
rCold    . . .     Gourm    .   (no shield)
rNeg     + . .     Faith    .   t - +0 leather armour
rPois    ∞         Spirit   .   (no helmet)
rElec    +         Reflect  .   p - +1 cloak
rCorr    .         Harm     .   (no gloves)
MR       .....                  (no boots)
Stlth    ++........             (no amulet)
HPRegen  0.11/turn              (no ring)
MPRegen  0.12/turn              (no ring)

@: no status effects
A: negative energy resistance 1, electricity resistance, unbreathing,
petrification resistance, rot immunity, AC +4
a: no special abilities


You were on level 4 of the Dungeon.
You were not hungry.

You visited 1 branch of the dungeon, and saw 4 of its levels.

You collected 172 gold pieces.

Inventory:

Hand Weapons
 n - a +0 dagger (weapon)
 v - a cursed -2 long sword
 w - a +3 long sword
Missiles
 b - 45 stones (quivered)
 f - 39 arrows
 q - 43 bolts
Armour
 c - a +0 robe
 p - a +1 cloak (worn)
 t - a +0 leather armour (worn)
Jewellery
 e - an uncursed ring of wizardry
 h - an uncursed ring of poison resistance {unknown}
Scrolls
 j - a scroll of immolation
 l - a scroll of magic mapping
 s - a scroll of remove curse {unknown}
 x - a scroll of teleportation
Potions
 a - 2 potions of magic
 g - a potion of invisibility
 i - 2 potions of resistance
 k - 2 potions of heal wounds
 m - a potion of agility {unknown}
 o - a potion of flight {unknown}
 r - a potion of might {unknown}
Comestibles
 d - 6 rations
 u - 3 chunks of flesh


   Skills:
 * Level 2.2 Fighting
 + Level 1.3 Short Blades
 + Level 0.6 Armour
 + Level 2.1 Dodging
 + Level 2.5 Stealth
 + Level 1.1 Unarmed Combat
 * Level 2.9 Spellcasting
 * Level 0.7 Translocations
 + Level 0.7 Transmutations
 * Level 5.2 Earth Magic


You had 2 spell levels left.
You knew the following spells:

 Your Spells              Type           Power        Failure   Level  Hunger
a - Sandblast             Erth           ###...       2%          1    None
b - Passwall              Tmut/Erth      ##......     10%         2    ##.....
c - Stone Arrow           Conj/Erth      ##....       22%         3    ###....
d - Blink                 Tloc           N/A          24%         2    ##.....

Your spell library contained the following spells:

 Spells                   Type           Power        Failure   Level  Hunger
 Confusing Touch          Hex            #.....       22%         1    None
 Magic Dart               Conj           #...         22%         1    None
 Call Imp                 Summ           #.......     32%         2    ##.....
 Slow                     Hex            #.......     32%         2    ##.....
 Gell's Gravitas          Tloc           #.........   43%         3    ###....
 Confuse                  Hex            #.......     54%         3    ###....
 Conjure Flame            Conj/Fire      #.......     54%         3    ###....
 Mephitic Cloud           Conj/Pois/Air  #.......     54%         3    ###....
 Petrify                  Tmut/Erth      ##......     54%         4    ####...
 Lee's Rapid Deconstruct  Erth           ###.......   56%         5    ######.
 Metabolic Englaciation   Hex/Ice        #.........   99%         5    ######.
 Yara's Violent Unravell  Hex/Tmut       #.........   99%         5    ######.


Dungeon Overview and Level Annotations

Branches:
Dungeon (4/15)
 Temple: D:4-7

Altars:
Elyvilon
Sif Muna
Wu Jian


Innate Abilities, Weirdness & Mutations

You are resistant to torment.
Your stone body is resilient. (AC +4)
You are immune to poison.
You resist negative energy. (rN+)
You are resistant to electric shocks. (rElec)
You can survive without breathing.
You are immune to petrification.
You are immune to rotting.


Message History

Aim: an orc warrior, wielding a +0 halberd and wearing a +0 plate armour (lightly wounded)
The blast of sand hits the orc warrior but does no damage.
The orc warrior is lightly wounded.
b - 46 stones The orc warrior closely misses you.
Casting: Sandblast (safe; 2% risk of failure)
Confirm with . or Enter, or press ? or * to list all spells.
Aiming: Sandblast (safe; 2% risk of failure)
Press: ? - help, Shift-Dir - straight line, f/p - orc warrior
Aim: an orc warrior, wielding a +0 halberd and wearing a +0 plate armour (lightly wounded)
The blast of sand hits the orc warrior but does no damage.
The orc warrior is lightly wounded.
b - 45 stones The orc warrior misses you.
The orc warrior hits you from afar with a +0 halberd!!
Ouch! That really hurt!
* * * LOW HITPOINT WARNING * * *
The orc warrior closely misses you.
The orc warrior hits you from afar with a +0 halberd.
You die...

##o### ###.## ##..## #####
#..## ##...## #..# ##.....## .
#..####.......#### #.
##..o.o.#...###..#####..
###..o#...## #.........
####@..## ##......... #####
##...# ##.........# ##.<.##
#....###.........## ##.....##
###.........##....##
##.###...####.........####..###
#.## ##<......###...### #.##
.## ##....### ##..# #.# ##
###### #..# #.# # #..# #.#


You could see an orc warrior and 2 orcs.

Vanquished Creatures
  A scorpion (D:2)
  Terence (D:2)
  3 gnolls
  6 adders
  A shadow imp (D:2)
  A worm (D:4)
  10 orcs
  6 bats
  2 giant cockroaches
  9 goblins
  5 hobgoblins
  10 kobolds
  3 quokkas
  A ball python skeleton (D:3)
  5 frilled lizards
  8 rats
72 creatures vanquished.

Notes
Turn   | Place    | Note
-------+----------+-------------------------------------------
     0 | D:1      | eccles the Gargoyle Earth Elementalist began the quest for
                  | the Orb.
     0 | D:1      | Reached XP level 1. HP: 10/10 MP: 3/3
   150 | D:1      | Reached skill level 4 in Earth Magic
   150 | D:1      | Reached XP level 2. HP: 14/15 MP: 5/5
   723 | D:2      | Reached XP level 3. HP: 13/20 MP: 2/6
   785 | D:2      | Reached skill level 1 in Fighting
   785 | D:2      | Reached skill level 1 in Unarmed Combat
  1428 | D:2      | Reached XP level 4. HP: 25/25 MP: 7/7
  1463 | D:2      | Reached skill level 1 in Short Blades
  2025 | D:2      | Found a white marble altar of Elyvilon.
  2025 | D:2      | Found an ornate altar of the Wu Jian Council.
  2026 | D:2      | Found a deep blue altar of Sif Muna.
  2179 | D:3      | Noticed Terence
  2262 | D:2      | Reached XP level 5. HP: 18/30 MP: 4/8
  2292 | D:2      | Killed Terence
  2451 | D:3      | Learned a level 2 spell: Passwall
  2455 | D:3      | Learned a level 3 spell: Stone Arrow
  2458 | D:3      | Learned a level 2 spell: Blink
  2482 | D:3      | Reached skill level 5 in Earth Magic
  2770 | D:3      | Reached XP level 6. HP: 35/35 MP: 6/10
  3034 | D:4      | Noticed an orc warrior
  3067 | D:4      | HP: 1/35 [orc warrior/+0 halberd (19)]
  3078 | D:4      | Slain by an orc warrior

Skill      XL: |  1  2  3  4  5 |
---------------+----------------+-----
Earth Magic    | 4 5 |  5.2
Fighting       | 1 2 |  2.2
Unarmed Combat | 1 |  1.1
Dodging        | 2 |  2.1
Short Blades   | 1 |  1.3
Armour         | |  0.6
Stealth        | |  2.5
Spellcasting   | |  2.9
Translocations | |  0.7
Transmutations | |  0.7

Action                   |  1- 3 |  4- 6 || total
-------------------------+-------+-------++-------
Melee: Unarmed           |    79 |       ||    79
       Dagger            |    74 |   135 ||   209
 Cast: Sandblast         |    12 |    61 ||    73
  Use: Scroll            |       |     8 ||     8
 Stab: Sleeping          |       |     3 ||     3
  Eat: Chunk             |     2 |     6 ||     8
Armor: Robe              |    67 |     7 ||    74
       Leather armour    |       |    53 ||    53
Dodge: Dodged            |   120 |    98 ||   218
